 Dungeon Crawl Stone Soup version 0.30-a0-605-gb2882149bf (webtiles) character file.

Game seed: 5516159266936961973

23 gelatine the Conjurer (level 2, -4/22 HPs)
             Began as a Demonspawn Reaver on Jan 7, 2023.
             Slain by a gnoll
             ... wielding a +0 flail
              (11 damage)
             ... on level 1 of the Dungeon.
             The game lasted 00:01:01 (279 turns).

gelatine the Conjurer (Demonspawn Reaver)            Turns: 279, Time: 00:01:02

Health: -4/22      AC:  4    Str: 12    XL:     2   Next: 75%
Magic:  5/5        EV: 11    Int: 14    God:
Gold:   32         SH:  0    Dex: 11    Spells: 4/5 levels left

rFire   + . .      SeeInvis .    a - +0 hand axe
rCold   . . .      Faith    .    (no shield)
rNeg    . . .      Spirit   .    b - +0 leather armour
rPois   .          Reflect  .    d - +0 helmet
rElec   .          Harm     .    (no cloak)
rCorr   .          Rampage  .    (no gloves)
Will    .....                    (no boots)
Stlth   +                        (no amulet)
HPRegen 0.23/turn                c - ring of protection from fire
MPRegen 0.09/turn                (no ring)

@: no status effects
A: spiny 1
a: no special abilities


You were on level 1 of the Dungeon.
You visited 1 branch of the dungeon, and saw 1 of its levels.

You collected 32 gold pieces.

Inventory:

Hand Weapons
 a - a +0 hand axe (weapon)
Armour
 b - a +0 leather armour (worn)
 d - a +0 helmet (worn)
Jewellery
 c - a ring of protection from fire (left hand)
Potions
 e - a potion of curing {unknown}


   Skills:
 + Level 2.1 Fighting
 + Level 3.1 Axes
 + Level 2.0 Dodging
 + Level 2.0 Spellcasting
 + Level 3.4 Conjurations


You had 4 spell levels left.
You knew the following spells:

 Your Spells              Type           Power      Damage    Failure   Level
a - Kiss of Death         Conj/Necr      24%        2d7       16%         1

Your spell library contained the following spells:

 Spells                   Type           Power      Damage    Failure   Level
 Momentum Strike          Conj/Tloc      12%        3d8       22%         2
 Hailstorm                Conj/Ice       6%         3d4       41%         3


Dungeon Overview and Level Annotations

Branches:
Dungeon (1/15)

Altars:


Innate Abilities, Weirdness & Mutations

You are partially covered in sharp spines.


Message History

The frilled lizard is heavily wounded.
The frilled lizard bites you but does no damage.
You closely miss the frilled lizard.
The frilled lizard is heavily wounded.
The frilled lizard bites you.
You barely miss the frilled lizard.
The frilled lizard is heavily wounded.
The frilled lizard barely misses you.
The frilled lizard is struck by your spines.
You kill the frilled lizard!
Found a stone staircase leading down.
You see here a +0 spear.
You now have 32 gold pieces (gained 13).
A kobold comes into view. It is wielding a +0 dagger.
The kobold moves out of view.
The kobold throws a stone.
The stone barely misses you.
Found 7 gold pieces.
The kobold is struck by your spines.
You kill the kobold!
A gnoll comes into view. It is wielding a +0 flail.
Things that are here:
a +0 dagger; 3 stones; a kobold corpse A gnoll is nearby!
You hit the gnoll.
The gnoll is moderately wounded.
The gnoll is struck by your spines. The gnoll barely misses you.
You hit the gnoll but do no damage.
The gnoll is severely wounded.
The gnoll hits you with a +0 flail!
You closely miss the gnoll.
The gnoll is severely wounded.
The gnoll misses you.
You hit the gnoll but do no damage.
The gnoll is severely wounded.
The gnoll hits you with a +0 flail!
You hit the gnoll.
The gnoll is almost dead.
The gnoll hits you with a +0 flail!
Ouch! That really hurt!
You die...

.......##.#. #
..>....##... .#......
......##...#####........
.......#.#.##.#.#.#.#..
.......#.#.#..........
.........)..#.#.#.#.#
.....†.........>....
............#.#.#.#.###.
...............)@.......
.....#......#.#.#g#$#..#
###........!........
#..........#!#.#.#.#
#.#.##.........###.#
#... #.......### #
#.##.........)
########.#


You could see a gnoll.

Vanquished Creatures
  3 ball pythons (D:1)
  2 bats (D:1)
  5 endoplasms (D:1)
  2 hobgoblins (D:1)
  2 kobolds (D:1)
  2 quokkas (D:1)
  A frilled lizard (D:1)
  3 rats (D:1)
20 creatures vanquished.

Notes
Turn   | Place    | Note
-------+----------+-------------------------------------------
     0 | D:1      | gelatine the Demonspawn Reaver began the quest for the Orb.
     0 | D:1      | Reached XP level 1. HP: 16/16 MP: 3/3
   134 | D:1      | Gained mutation: You are partially covered in sharp spines.
                  | [demonic ancestry]
   134 | D:1      | Reached XP level 2. HP: 19/20 MP: 5/5
   279 | D:1      | Slain by a gnoll

Illustrated notes

Levels and vault maps discovered:
D:1:      amcnicky_arrival_flooded_fountain, layout_rooms, st_stairs_9,
          minmay_tromino_v7

Skill      XL: |  1  2 |
---------------+-------+-----
Axes           | 3 |  3.1
Dodging        | 2 |  2.0
Fighting       | |  2.1
Spellcasting   | |  2.0
Conjurations   | |  3.4

Action                   || total
-------------------------++-------
Melee: Hand axe          ||    37
 Cast: Kiss of Death     ||     2
Armor: Leather armour    ||    10
Dodge: Dodged            ||    22

Table legend: (Time is in decaauts)
 A = Elapsed time spent in this place.
 B = Non-inter-level travel time spent in this place.
 C = Inter-level travel time spent in this place.
 D = Time resting spent in this place.
 E = Time spent auto-exploring this place.
 F = Levels seen in this place.
 G = Mean time per level.
                   A        B        C        D        E       F      G
               +--------+--------+--------+--------+--------+-----+--------+
         Total |    283 |    283 |      0 |      0 |    187 |   1 |  283.0 |
       Dungeon |    283 |    283 |      0 |      0 |    187 |   1 |  283.0 |
               +--------+--------+--------+--------+--------+-----+--------+

Top non-repeatable levels by time:
     D:1: 283 daAuts
